[Event "Early-Titled-Tuesday-Blitz-January-16-2024"]
[Site "Chess.com"]
[Date "2024.01.16"]
[Round "8"]
[White "LeoWin2012"]
[Black "deribas12345"]
[Result "0-1"]
[WhiteElo "2248"]
[BlackElo "2492"]
[TimeControl "180+1"]
[EndTime "9:32:54 PST"]
[Termination "deribas12345 won by checkmate"]

1. e4 c5 2. Nf3 d6 3. Bb5+ Bd7 4.
Bxd7+ Qxd7 5. O-O g6 6. c3 Bg7 7.
d4 Nf6 8. Re1 O-O 9. h3 Nc6 10.
e5 dxe5 11. dxe5 Qxd1 12. Rxd1 Ne4 13. Re1 f5 14. exf6 Nxf6 15. Bg5 h6 16. Bh4 g5 17. Bg3 Nh5 18. Bh2 Nf4 19. Bxf4 Rxf4 20. Nbd2 Rd8 21.
Re6 Kf7 22. Rae1 Bf6 23. R6e2 Ra4 24. a3 Rd3 25. Ne4 b6 26. Nxf6 exf6 27. Re6 Rxf3 28. gxf3 Ne5 29. R1xe5 fxe5 30. Rxe5 Rf4 31. Kg2 Rf6 32.
Rd5 a5 33. Rd7+ Ke6 34. Rd3 Kf5 35. Re3 Rd6 36. Re2 Rd3 37. Kg3 h5 38. Kg2 h4 39.
Rc2 a4 40. Re2 Rd1 41. Re4 Rb1 42. Re2 b5 43. Rd2 Ke5 44. Re2+ Kd5 45. Kh2 Kc4 46.
Re5 Rxb2 47. Rxg5 Rxf2+ 48. Kg1 Rxf3 49. Rg4+ Kxc3 50. Rxh4 b4 51. axb4 cxb4 52. Rh8 a3 53. Rc8+ Kb2 54. h4 Rh3 55. Rc4 b3 56. Kg2 Rxh4 57.
Rxh4 a2 58. Ra4 a1=Q 59. Rxa1 Kxa1 60. Kf3 b2 61. Ke2 b1=Q 62. Kd2 Qb8 63. Ke3 Qa8 64.
Kd2 Qc8 65. Kd3 Kb2 66. Kd2 Qd7+ 67. Ke3 Kc3 68. Ke4 Qe6+ 69. Kf4 Kd3 70. Kg5 Qf7 71.
Kg4 Ke4 72. Kg5 Qg7+ 73. Kh4 Kf4 74. Kh3 Qg3# 0-1

[Event "Early-Titled-Tuesday-Blitz-January-16-2024"]
[Site "Chess.com"]
[Date "2024.01.16"]
[Round "8"]
[White "NewBornNow"]
[Black "artin10862"]
[Result "0-1"]
[WhiteElo "2779"]
[BlackElo "2921"]
[TimeControl "180+1"]
[EndTime "9:32:55 PST"]
[Termination "artin10862 won on time"]

1. e4 c5 2. Nf3 d6 3. Bb5+ Bd7 4. Bxd7+ Qxd7 5. c4 Nc6 6. Nc3 e5 7. O-O Be7 8. a3 Bd8 9. b4 Nge7 10. d3 O-O 11. Be3 Nd4 12. bxc5 dxc5 13. Nxe5 Qd6 14. Bf4 Bc7 15.
Ng6 Qxg6 16. Bxc7 Nec6 17. Bg3 f5 18. f4 b6 19. e5 Ne7 20. Bf2 Ne6 21. Qf3 Rad8 22. Nd5 Rd7 23. Rad1 Qf7 24. d4 cxd4 25. Bxd4 Rc8 26. Qb3 Nc6 27. Be3 Na5 28. Qb5 Kh8 29.
Bxb6 axb6 30. Nxb6 Rxd1 31. Rxd1 Qa7 32. Kh1 Rb8 33.
c5 Nxf4 34. Rd7 Nb7 35. Qc6 Qxa3 36. h3 Qc1+ 37. Kh2 Ne2 38. Rd1 Qxd1 39. Qc8+ Rxc8 0-1

[Event "Early-Titled-Tuesday-Blitz-January-16-2024"]
[Site "Chess.com"]
[Date "2024.01.16"]
[Round "8"]
[White "falzehope0"]
[Black "ritanovikova"]
[Result "1-0"]
[WhiteElo "2378"]
[BlackElo "2168"]
[TimeControl "180+1"]
[EndTime "9:32:55 PST"]
[Termination "falzehope0 won on time"]

1. d4 d5 2. e3 Nd7 3. Bd3 e5 4. f4 exd4 5. exd4 Ngf6 6. Nf3 Bd6 7.
O-O O-O 8. Nbd2 a5 9. Ne5 c6 10.
c3 Qc7 11. Qf3 Re8 12. g4 Nf8 13. g5 N6d7 14. Qh5 Bxe5 15. fxe5 g6 16. Qh6 Ne6 17. Rxf7 Kxf7 18. Qxh7+ Kf8 19. Bxg6 Nf6 20. Qh8+ Ng8 21. Bxe8 Kxe8 22. Qxg8+ Nf8 23. Nf3 Qf7 24. Qxf7+ Kxf7 25. Nh4 Ng6 26. Ng2 Bf5 27. Be3 Be4 28. Rf1+ Kg7 29.
Rf6 Rh8 30. e6 Rf8 31. Rxf8 Kxf8 32. Nf4 Nxf4 33. Bxf4 Ke7 34. h4 Bg6 35. Kf2 Kxe6 36. Kf3 Kf5 37. Kg3 a4 38. Bd6 Bh5 39. Bc5 Bd1 40.
Bb6 Be2 41. Bd8 Bd1 42. Kf2 Bh5 43. Ke3 Bg4 44. Kd3 Kg6 45. c4 Be6 46. c5 Bg4 47. Kc3 Bd1 48. Kb4 Kh5 49. Ka5 Bg4 50. Kb6 1-0

[Event "Early-Titled-Tuesday-Blitz-January-16-2024"]
[Site "Chess.com"]
[Date "2024.01.16"]
[Round "8"]
[White "dasatcu90"]
[Black "PawnEatingZombie"]
[Result "1/2-1/2"]
[WhiteElo "2292"]
[BlackElo "2155"]
[TimeControl "180+1"]
[EndTime "9:32:57 PST"]
[Termination "Game drawn by repetition"]

1. d4 Nf6 2. Nf3 g6 3. c4 Bg7 4. Nc3 O-O 5. Bg5 d6 6. e3 h6 7. Bh4 g5 8. Bg3 Bf5 9. h4 g4 10. Nd2 c5 11. d5 Nbd7 12. e4 Bg6 13. Bd3 a6 14. Nf1 b5 15. cxb5 axb5 16. Bxb5 Nxe4 17. Bxd7 Nxc3 18. bxc3 Bxc3+ 19. Nd2 Qxd7 20. Rc1 Bg7 21.
h5 Bd3 22. Nc4 Bxc4 23. Rxc4 Rxa2 24. O-O f5 25. Rc2 Rxc2 26. Qxc2 Bf6 27. Bf4 Kg7 28. Re1 Rb8 29. Re6 Rb2 30. Qxf5 Qe8 31. Bxh6+ Kxh6 32. Rxf6+ exf6 33. Qxf6+ Kxh5 34. Qxb2 Qe1+ 35. Kh2 Qd1 36.
Qh8+ Kg5 37. Qd8+ Kf5 38. Qxd6 Qd4 39. Qe6+ Kg5 40. Qg8+ Kf5 41. Qf7+ Kg5 42. Qg8+ Kf5 43. Qf8+ Kg5 44. d6 c4 45. Qe7+ Kf5 46. d7 Qf4+ 47. Kg1 Qc1+ 48. Kh2 Qf4+ 49. Kg1 Qc1+ 50. Kh2 Qf4+ 1/2-1/2

[Event "Early-Titled-Tuesday-Blitz-January-16-2024"]
[Site "Chess.com"]
[Date "2024.01.16"]
[Round "8"]
[White "MIss_MIaMI"]
[Black "talaicito"]
[Result "1-0"]
[WhiteElo "2408"]
[BlackElo "2278"]
[TimeControl "180+1"]
[EndTime "9:32:57 PST"]
[Termination "MIss_MIaMI won on time"]

1. e4 c5 2. Nf3 d6 3. d4 cxd4 4. c3 Nf6 5. Bd3 dxc3 6. Nxc3 e6 7. O-O Be7 8. Qe2 O-O 9. Rd1 Bd7 10. e5 dxe5 11. Nxe5 Nc6 12. Nxc6 bxc6 13. Bf4 Qa5 14. Rac1 Rfd8 15. a3 Be8 16. Qf3 e5 17. Bd2 Qc7 18. Ne4 Nxe4 19. Qxe4 g6 20. Bc3 f6 21. b4 Bf7 22. h4 Bd5 23. Bc4 Qb7 24. h5 Kg7 25.
Qg4 Bxc4 26. Qxc4 gxh5 27. Qh4 Rxd1+ 28. Rxd1 Rd8 29. Rxd8 Bxd8 30. Qxh5 Qd7 31. Qf3 Bb6 32. g3 Qd5 33. Qg4+ Kf7 34. Qh5+ Kg7 35. Be1 Qe4 36.
Qd1 Kg6 37. Kh2 h5 38. Qd2 Bd4 39. Kg1 Qf3 40. Kh2 Qxa3 41. b5 cxb5 42. Qe2 Qb2 43. Qe4+ Kg5 44. Qf3 1-0

[Event "Early-Titled-Tuesday-Blitz-January-16-2024"]
[Site "Chess.com"]
[Date "2024.01.16"]
[Round "8"]
[White "GMWSO"]
[Black "krzyzan94"]
[Result "1-0"]
[WhiteElo "3076"]
[BlackElo "2808"]
[TimeControl "180+1"]
[EndTime "9:32:58 PST"]
[Termination "GMWSO won on time"]

1. b3 d5 2. Bb2 Nf6 3. Nf3 g6 4. c4 dxc4 5. bxc4 c5 6. g3 Bg7 7. Bg2 O-O 8. O-O Nc6 9. Ne5 Nxe5 10. Bxe5 Ne8 11. Bxg7 Nxg7 12. Nc3 Rb8 13. Qa4 a6 14. d3 Nf5 15. Rab1 h5 16. Ne4 Nd4 17. e3 Ne6 18. Qa3 Qc7 19. f4 f5 20. Nc3 Kh7 21.
Nd5 Qd8 22. Nb6 Bd7 23. Bd5 Rf6 24. Nxd7 Qxd7 25. Rb6 Nxf4 26. Rxf6 Nxd5 27. Rf7+ Kg8 28. Qxc5 Kxf7 29. cxd5 Qd6 30. Qd4 Qf6 31. Qf4 Rc8 32. e4 Qd4+ 33. Kh1 Qxd3 34. exf5 Qxd5+ 35. Kg1 gxf5 36.
Qg5 Qd4+ 37. Rf2 Rc5 38. Qxh5+ Ke6 39. Kg2 Qe4+ 40. Kh3 Kd6 41. Re2 Qd5 42. Qh6+ Kc7 43. Rxe7+ Kb8 44. a4 Ka7 45. Qe3 Kb8 46. a5 1-0

[Event "Early-Titled-Tuesday-Blitz-January-16-2024"]
[Site "Chess.com"]
[Date "2024.01.16"]
[Round "8"]
[White "bitter-cikolata"]
[Black "vasblesk"]
[Result "0-1"]
[WhiteElo "2559"]
[BlackElo "2779"]
[TimeControl "180+1"]
[EndTime "9:32:58 PST"]
[Termination "vasblesk won by resignation"]

1. e4 c5 2. Nf3 g6 3. d4 cxd4 4. Qxd4 Nf6 5. e5 Nc6 6. Qa4 Nd5 7. Qb3 Nb6 8. a4 d5 9. a5 Nc4 10. Bxc4 dxc4 11. Qxc4 Nxa5 12. Qh4 Nc6 13. O-O h5 14. Bg5 Bg4 15. Nbd2 Bg7 16. h3 Bf5 17. c3 O-O 18. Rfe1 Qc7 19. Nc4 Be6 20. Ne3 Rfe8 21. Nd4 Nxd4 22.
cxd4 Qd7 23. d5 Bxd5 24. Rad1 e6 25. Bf6 Rad8 26. Nxd5 exd5 27. Bxd8 Rxd8 28. Qd4 b6 29. Qd3 Qe6 30. Qc3 Re8 31. Qd3 Rd8 32. Qc3 Rc8 33. Qf3 Rc5 34. Re2 a5 35. Qe3 Bf8 36. Red2 Bg7 37.
Qf3 Bxe5 38. Rxd5 Rxd5 39. Rxd5 Bxb2 40. Rd8+ Kg7 41. Qd3 Qe1+ 42. Kh2 Be5+ 43. g3 Qxf2+ 44. Kh1 Qxg3 45. Qxg3 Bxg3 46. Rd5 Bf2 47. Rb5 Bc5 48. Kg2 a4 49. Kf3 a3 50. Rb1 Bd4 51. Rd1 a2 0-1

[Event "Early-Titled-Tuesday-Blitz-January-16-2024"]
[Site "Chess.com"]
[Date "2024.01.16"]
[Round "8"]
[White "Barmen_EV"]
[Black "Witty_Alien"]
[Result "1-0"]
[WhiteElo "2530"]
[BlackElo "2354"]
[TimeControl "180+1"]
[EndTime "9:32:58 PST"]
[Termination "Barmen_EV won on time"]

1. e4 c5 2. c3 d5 3. exd5 Qxd5 4. d4 Nf6 5. Nf3 Nc6 6. Be3 Bg4 7. Be2 O-O-O 8.
O-O Qh5 9. Qa4 e5 10. dxe5 Nxe5 11. Nxe5 Bxe2 12. Nc6 Bd6 13. Nxa7+ Kb8 14. h3 Bxf1 15. Kxf1 Bh2 16. Nd2 Rhe8 17. Nf3 Rxe3 18. fxe3 Bg3 19. Nb5 Kc8 20. Qa8+ Bb8 21. Qa5 Qd5 22. Re1 Qd3+ 23. Kg1 Ne4 24. Na7+ Bxa7 25. Qxa7 c4 26. Qa8+ Kc7 27.
Qa5+ Kb8 28. Ne5 Nd6 29. Nxd3 cxd3 30. Qd5 f6 31. Qxd3 Nf7 32. Qc4 Nd6 33. Qe6 Nc8 34.
Qf5 Rd2 35. Qf4+ Ka8 36. e4 Rxb2 37. Qc7 Nb6 38. Rd1 Ka7 39. Rd8 h5 40. Rd4 h4 41.
Rb4 Rxb4 42. cxb4 Ka6 43. Qc5 1-0

[Event "Early-Titled-Tuesday-Blitz-January-16-2024"]
[Site "Chess.com"]
[Date "2024.01.16"]
[Round "8"]
[White "jcibarra"]
[Black "Zurability"]
[Result "1/2-1/2"]
[WhiteElo "2864"]
[BlackElo "2731"]
[TimeControl "180+1"]
[EndTime "9:33:00 PST"]
[Termination "Game drawn by repetition"]

1. Nf3 d5 2. g3 Nf6 3. Bg2 e6 4. c4 Be7 5. O-O O-O 6. b3 d4 7. e3 c5 8. Ne5 Bd6 9. exd4 cxd4 10. Re1 Qc7 11. Qe2 Nbd7 12. f4 Rd8 13. d3 Bc5 14. Nd2 Bb4 15. Rf1 a5 16. a3 Bc3 17.
Rb1 Nc5 18. Ndf3 Rb8 19. Ng5 Rf8 20. b4 Na6 21. b5 Nc5 22. b6 Qe7 23. Rb5 a4 24.
Bd2 Nb3 25. Be1 h6 26. Ngf3 Qxa3 27. c5 Qb2 28. Qxb2 Bxb2 29. c6 bxc6 30. Nxc6 Rb7 31.
Nfe5 Nd5 32. Bf2 f6 33. Nc4 Bd7 34. Rxd5 Bxc6 35. Rd6 Bxg2 36. Kxg2 Bc3 37. Rxe6 Nc5 38. Rd6 Nxd3 39. Bxd4 Bxd4 40. Rxd4 Nc5 41. Rb1 Nb3 42.
Rd6 Rc8 43. Na3 Rcb8 44. Nc4 Rc8 45. Na3 Rcb8 46. Nc4 Rc8 1/2-1/2

[Event "Early-Titled-Tuesday-Blitz-January-16-2024"]
[Site "Chess.com"]
[Date "2024.01.16"]
[Round "8"]
[White "platy3"]
[Black "I_am_Javi"]
[Result "1-0"]
[WhiteElo "2897"]
[BlackElo "2777"]
[TimeControl "180+1"]
[EndTime "9:33:01 PST"]
[Termination "platy3 won by resignation"]

1. e4 e5 2. Nf3 Nc6 3. Bc4 g6 4. d4 exd4 5. Nxd4 Bg7 6. Nxc6 bxc6 7. O-O Ne7 8. Nc3 O-O 9. Bf4 d6 10. Qd2 Be6 11. Bxe6 fxe6 12. Bh6 Bxh6 13. Qxh6 e5 14. Rad1 Rb8 15. b3 Qd7 16. f4 exf4 17. Rxf4 Rxf4 18.
Qxf4 Rf8 19. Qe3 Qg4 20. Qxa7 Rf3 21. Rf1 Rxf1+ 22. Kxf1 Qf4+ 23. Ke2 Qc1 24. Kd3 Qf1+ 25. Kd2 Qxg2+ 26. Kc1 Qh1+ 27. Kb2 Qxh2 28. Qxc7 Qe5 29. a4 Kf7 30. a5 Qe6 31. a6 Qc8 32. Qb7 h5 33.
Na4 h4 34. Nb6 Qe6 35. a7 Qe5+ 36. c3 h3 37. a8=Q h2 38. Qd7 h1=Q 39. Qae8+ Kf6 40.
Qf8+ Kg5 41. Qfxe7+ Qxe7 42. Qxe7+ Kg4 43. Nc4 Qg1 44.
Qe6+ Kg5 45. Qxd6 Qf2+ 46. Qd2+ Qxd2+ 47. Nxd2 Kf4 48. Kc2 g5 49. Kd1 Ke3 50. e5 g4 51.
e6 g3 52. Nf1+ 1-0

[Event "Early-Titled-Tuesday-Blitz-January-16-2024"]
[Site "Chess.com"]
[Date "2024.01.16"]
[Round "8"]
[White "Vesper2018"]
[Black "ValentinDragnev"]
[Result "1-0"]
[WhiteElo "2582"]
[BlackElo "2768"]
[TimeControl "180+1"]
[EndTime "9:33:01 PST"]
[Termination "Vesper2018 won on time"]

1. e4 c5 2. Nc3 Nc6 3. Bb5 g6 4. Bxc6 bxc6 5. d3 Bg7 6. f4 d6 7.
Nf3 e5 8. fxe5 dxe5 9. Be3 Qb6 10. Na4 Qa5+ 11. c3 c4 12. dxc4 Be6 13. Nc5 Rd8 14.
Qe2 Bc8 15. O-O Ne7 16. b4 Qc7 17. a4 O-O 18. a5 f5 19. a6 f4 20. Bf2 h6 21. h4 Bg4 22. Rad1 g5 23. hxg5 hxg5 24.
Qa2 Bf6 25. Rxd8 Qxd8 26. Nh2 Bc8 27. Qe2 Kg7 28. Ng4 Rh8 29. Rd1 Qe8 30. Nxf6 Kxf6 31. Rd6+ Kg7 32. Ne6+ Bxe6 33. Rxe6 Kf7 34. Rxe5 Rg8 35.
Qg4 Qd8 36. Qe6+ Kf8 37. Qf6+ Ke8 38. Qxc6+ Kf7 39. Qe6+ Kf8 40. Qf6+ Ke8 41. Be1 Qd7 42. Qe6 Qd8 43. Qxg8+ Kd7 44. Qxd8+ 1-0

[Event "Early-Titled-Tuesday-Blitz-January-16-2024"]
[Site "Chess.com"]
[Date "2024.01.16"]
[Round "8"]
[White "masterofpuppets2"]
[Black "supereagles1201"]
[Result "1-0"]
[WhiteElo "2533"]
[BlackElo "2370"]
[TimeControl "180+1"]
[EndTime "9:33:02 PST"]
[Termination "masterofpuppets2 won on time"]

1. d4 d5 2. c4 c6 3. Nf3 Nf6 4. Nc3 dxc4 5. a4 Bf5 6. Ne5 Nbd7 7. Nxc4 Qc7 8. g3 e5 9. dxe5 Nxe5 10. Bf4 Nfd7 11.
Bg2 g5 12. Ne3 gxf4 13. Nxf5 O-O-O 14. O-O Nc5 15. Qc2 fxg3 16. hxg3 a5 17. Rad1 h5 18. Nh4 Be7 19. Rxd8+ Bxd8 20. Qf5+ Kb8 21. Ne4 Nxe4 22. Qxe4 Bxh4 23. Qxh4 Qd6 24. Qf4 Ka7 25. Rb1 Rd8 26.
b4 axb4 27. Qxb4 Qxb4 28. Rxb4 Rd1+ 29. Bf1 Ng6 30. f3 c5 31. Rc4 b6 32. Kf2 Kb7 33.
Bh3 Kc6 34. Ke3 Kd5 35. Rc2 Ra1 36. Bd7 Ne5 37. Bb5 f5 38. Kf4 Ke6 39. Rd2 Ra3 40. Kg5 c4 41. f4 c3 42. Rc2 Nf7+ 43. Kxh5 Nd6 44. g4 fxg4 45. Kxg4 Nxb5 46. axb5 Kd5 47. f5 Kc4 48. f6 Kb3 49. Rc1 Kb2 50. Rf1 c2 51. f7 Ra8 52. Kg5 c1=Q+ 53. Rxc1 Kxc1 54.
e4 1-0

[Event "Early-Titled-Tuesday-Blitz-January-16-2024"]
[Site "Chess.com"]
[Date "2024.01.16"]
[Round "8"]
[White "Quattroporte300"]
[Black "Louis-Paulsen-Fan"]
[Result "0-1"]
[WhiteElo "2446"]
[BlackElo "2326"]
[TimeControl "180+1"]
[EndTime "9:33:02 PST"]
[Termination "Louis-Paulsen-Fan won on time"]

1. e4 Nf6 2. e5 Nd5 3. c4 Nb6 4. d4 d6 5. exd6 cxd6 6. Nc3 g6 7. Be3 Bg7 8. Nf3 O-O 9. Be2 Bg4 10. b3 Nc6 11.
O-O e5 12. d5 Ne7 13. h3 Bxf3 14. Bxf3 f5 15. Be2 Rc8 16. Rc1 h6 17. f4 exf4 18. Bxf4 g5 19. Be3 Ng6 20. Bd3 Qd7 21. Nb5 Rce8 22.
Qd2 Nc8 23. Rce1 f4 24. Bd4 Nh4 25. Be4 a6 26. Bxg7 Qxg7 27. Nd4 Qf6 28. Ne6 Rf7 29. Kh2 Ne7 30. Qd4 Nef5 31. Qxf6 Rxf6 32. Bxf5 Nxf5 33. Rf2 Ng7 34. Rfe2 Nxe6 35. dxe6 Re7 36. Re4 Kg7 37. Kg1 Kg6 38. Kf2 Kf5 39. b4 Rfxe6 40. Rxe6 Rxe6 41. Rd1 Re4 42. Rd5+ Ke6 43. Rd2 Rxc4 44. a3 Rc3 45. Re2+ Kf6 46. Rd2 Ke6 47. Re2+ Kd7 48. Ra2 b5 49. Ke2 d5 50. Kd2 Rg3 51. Ke1 f3 52. gxf3 Rxf3 0-1

[Event "Early-Titled-Tuesday-Blitz-January-16-2024"]
[Site "Chess.com"]
[Date "2024.01.16"]
[Round "8"]
[White "artooon"]
[Black "Grischuk"]
[Result "1/2-1/2"]
[WhiteElo "2970"]
[BlackElo "3081"]
[TimeControl "180+1"]
[EndTime "9:33:03 PST"]
[Termination "Game drawn - insufficient material"]

1. e4 e5 2. Nf3 Nc6 3. Bc4 Bc5 4.
c3 Nf6 5. d4 exd4 6. b4 Bb6 7.
e5 d5 8. exf6 dxc4 9. Qe2+ Be6 10.
b5 Na5 11. fxg7 Rg8 12. cxd4 Bxd4 13. Nxd4 Qxd4 14. Bb2 Qd3 15. Nd2 O-O-O 16. Qxd3 Rxd3 17. Rc1 Rd5 18. a4 Rf5 19. Ne4 Nb3 20. Rd1 f6 21. Bxf6 Bd5 22. Rxd5 Rxd5 23. Bc3 Rd7 24. O-O Rgxg7 25.
Bxg7 Rxg7 26. Rd1 Rd7 27. Rxd7 Kxd7 28. Kf1 c6 29. Ke1 cxb5 30. axb5 Ke7 31. f4 Nd4 32. Nc3 a6 33. bxa6 bxa6 34. Kd2 Ke6 35. Ke3 Nb5 36. Na4 a5 37. g4 Kd5 38. f5 Ke5 39. h3 h5 40. gxh5 Kxf5 41. h6 Kg6 42. Ke4 Kxh6 43. Nb6 Nd6+ 44. Kd4 Kh5 45. Nxc4 Nxc4 46.
Kxc4 Kh4 47. Kb3 Kxh3 48. Ka4 Kg4 49. Kxa5 1/2-1/2

[Event "Early-Titled-Tuesday-Blitz-January-16-2024"]
[Site "Chess.com"]
[Date "2024.01.16"]
[Round "8"]
[White "maciek_92"]
[Black "KacperKacprzak"]
[Result "1-0"]
[WhiteElo "2853"]
[BlackElo "2706"]
[TimeControl "180+1"]
[EndTime "9:33:05 PST"]
[Termination "maciek_92 won on time"]

1. c4 e6 2. Nf3 d5 3. e3 Nf6 4. b3 Bd6 5. Bb2 O-O 6. Qc2 Nc6 7. c5 Be7 8. d4 Ne4 9. a3 f5 10. b4 a6 11. Be2 Bd7 12. O-O g5 13. Ne1 g4 14.
Nd3 Qe8 15. Nd2 h5 16. Nf4 Bg5 17. f3 Nxd2 18. Qxd2 Bxf4 19. exf4 Qg6 20. a4 Qg7 21. b5 axb5 22. axb5 Ne7 23. Ra5 Ng6 24. Rfa1 Rab8 25. fxg4 hxg4 26. g3 Kf7 27. Ra7 Rh8 28. c6 Bc8 29. b6 Kg8 30. Ra8 Rxa8 31. Rxa8 Kh7 32. Ra7 cxb6 33. cxb7 Bxb7 34. Ba6 Rb8 35. Qc3 Qd7 36.
Ba3 Kh6 37. Bb4 Nh8 38. h4 gxh3 39. Kh2 Nf7 40. Kxh3 Nd8 41. Bf8+ Kg6 42. Bxb7 Rxb7 43. Ra1 Qh7+ 44. Kg2 Rc7 45. Qd3 Qh5 46. Rh1 1-0

[Event "Early-Titled-Tuesday-Blitz-January-16-2024"]
[Site "Chess.com"]
[Date "2024.01.16"]
[Round "8"]
[White "FMCASTE"]
[Black "DamianoLew95"]
[Result "0-1"]
[WhiteElo "2489"]
[BlackElo "2668"]
[TimeControl "180+1"]
[EndTime "9:33:06 PST"]
[Termination "DamianoLew95 won on time"]

1. d4 Nf6 2. Bf4 e6 3. e3 b6 4. Qf3 d5 5. Nd2 Bb7 6. Bd3 Nbd7 7. g4 h6 8. h4 Bd6 9. g5 Ng8 10. gxh6 Nxh6 11. Bxd6 cxd6 12. Qg3 Qe7 13. Qxg7 O-O-O 14. Qg5 f6 15. Qf4 e5 16. dxe5 dxe5 17. Qa4 Kb8 18. O-O-O Nc5 19. Qa3 e4 20. Be2 d4 21. exd4 Rxd4 22. Qe3 Nf5 23. Qf4+ Qe5 24. Qxe5+ fxe5 25. Rh3 Rxh4 26. Nf1 Rf4 27. Rh8+ Kc7 28. Nh3 Rh4 29. Rxh4 Nxh4 30. Ne3 Ne6 31. Rg1 Nf4 32. Rg7+ Rd7 33. Rxd7+ Kxd7 34. Bg4+ Ke7 35. Kd2 Kf6 36. Ng1 Nhg6 37.
c4 Ne7 38. b4 Nc6 39. a3 Nd4 40. Ne2 Ke7 41. Ng3 Kf6 42. Kc3 Kg5 43. Bd7 Nd3 44. Nd1 Kf4 45. a4 Nxf2 46. Nxf2 Kxg3 0-1

[Event "Early-Titled-Tuesday-Blitz-January-16-2024"]
[Site "Chess.com"]
[Date "2024.01.16"]
[Round "8"]
[White "Thursday_the_14_th"]
[Black "Nikita_Klepikov"]
[Result "1/2-1/2"]
[WhiteElo "2628"]
[BlackElo "2389"]
[TimeControl "180+1"]
[EndTime "9:33:07 PST"]
[Termination "Game drawn by repetition"]

1. e4 c5 2. Nf3 Nc6 3. d4 cxd4 4. Nxd4 g6 5. c4 Nf6 6. Nc3 d6 7. Be2 Nxd4 8. Qxd4 Bg7 9. Be3 O-O 10. Qd2 Ng4 11. Bxg4 Bxg4 12. Bd4 Bxd4 13. Qxd4 Be6 14. O-O Qa5 15. f4 Qc5 16. Qxc5 dxc5 17. b3 Rfd8 18.
Rad1 Rxd1 19. Rxd1 Kf8 20. Kf2 Ke8 21. Nb5 Rc8 22. a4 a6 23. Nc3 Rd8 24. Rxd8+ Kxd8 25. a5 Bd7 26. Ke3 Bc6 27. g4 Kc7 28. e5 b6 29.
axb6+ Kxb6 30. Nd5+ Ka5 31. Nxe7 Bd7 32. Nd5 Bxg4 33.
Kd2 Bf5 34. Kc3 h5 35. h4 Bg4 36. Nf6 Bf5 37. Ne8 Kb6 38. Nd6 Be6 39. Ne4 Bf5 40.
Ng5 Be6 41. Ne4 Kc6 42. b4 cxb4+ 43. Kxb4 Kb6 44. c5+ Kc6 45. Nd2 a5+ 46. Kc3 Kxc5 47. Ne4+ Kd5 48. Nf6+ Kc5 49. Ne4+ Kb5 50. Nd6+ Kc5 51.
Nb7+ Kb6 52. Nd6 Kc5 53. Ne4+ 1/2-1/2

[Event "Early-Titled-Tuesday-Blitz-January-16-2024"]
[Site "Chess.com"]
[Date "2024.01.16"]
[Round "8"]
[White "AlexLongson"]
[Black "PapaieDudu"]
[Result "0-1"]
[WhiteElo "2258"]
[BlackElo "2399"]
[TimeControl "180+1"]
[EndTime "9:33:07 PST"]
[Termination "PapaieDudu won on time"]

1. e4 c5 2. Nf3 d6 3. Bb5+ Nd7 4. d4 cxd4 5. Qxd4 a6 6. Bxd7+ Bxd7 7. c4 b5 8. Nc3 bxc4 9. Qxc4 Nf6 10. e5 Rc8 11. Qxa6 Ng4 12. exd6 Rc6 13. Qe2 Rxd6 14. O-O e5 15. h3 Nf6 16. Qxe5+ Re6 17. Qg5 Be7 18.
Nd4 Rd6 19. Nf5 Rg8 20. Nxd6+ Bxd6 21. Re1+ Kf8 22. Bf4 Be7 23. Rad1 h6 24. Qe5 g5 25.
Bh2 g4 26. Nd5 Nxd5 27. Rxd5 gxh3 28. Red1 Rxg2+ 29. Kh1 Qa8 30. Qh8+ Rg8 31. Qxh6+ Ke8 32. f3 Bc6 33. Qd2 Rg2 34. Qa5 Qxa5 35. Rxa5 Bxf3 36.
Rd3 Bc6 37. Rc3 Bf3 38. Rxf3 Bb4 39. Ra8+ Kd7 40. Rxh3 Rxb2 41. Rd3+ Kc6 42. Bg1 Rb1 43.
Rc8+ Kb7 44. Rcd8 Bc5 45. R8d7+ Kc6 46. Rd1 Rb4 47. R7d5 Rh4+ 48. Kg2 Be7 0-1

[Event "Early-Titled-Tuesday-Blitz-January-16-2024"]
[Site "Chess.com"]
[Date "2024.01.16"]
[Round "8"]
[White "FARIZA2018"]
[Black "Aygehovit1992"]
[Result "0-1"]
[WhiteElo "2503"]
[BlackElo "2709"]
[TimeControl "180+1"]
[EndTime "9:33:08 PST"]
[Termination "Aygehovit1992 won on time"]

1. e4 c5 2. Nf3 d6 3. d4 cxd4 4.
Nxd4 Nf6 5. Nc3 g6 6. Be3 Nc6 7.
f3 h5 8. Qd2 Nxd4 9. Bxd4 Bh6 10. Be3 Bxe3 11. Qxe3 Qa5 12. O-O-O Be6 13. Kb1 Rc8 14.
a3 h4 15. Bb5+ Kf8 16. Be2 Rh5 17.
Rd2 Rhc5 18. Nd1 Qc7 19. Bd3 Kg7 20. Nf2 b5 21. g3 a5 22. gxh4 b4 23. a4 b3 24. c3 Qc6 25. Bb5 Rxb5 26. axb5 Qxb5 27. Rd4 Bc4 28. Kc1 Qa4 29. Kd2 Qa2 30. Nd1 a4 31. Ke1 a3 32. Qc1 Nd7 33. Rg1 Ne5 34. Rg3 Nd3+ 35.
Rxd3 Bxd3 36. h5 Qb1 37. Qxb1 Bxb1 38. bxa3 Ra8 39. Kd2 Rxa3 40. Nb2 Ra2 41. Kc1 Ra1 42. Kd2 Bc2 43. hxg6 fxg6 44. Rg5 Rb1 45. Nc4 Rd1+ 46.
Ke3 Rd3+ 47. Ke2 Rxc3 48. Nb2 Bxe4 49. fxe4 Rc2+ 50. Ke3 Rxb2 51. Rb5 Rxh2 52. Kf4 b2 53. Kg3 Rc2 54. Rb7 Kf6 55. Kf4 g5+ 56. Kg4 e6 57.
Kf3 Ke5 58. Rb5+ d5 59. exd5 exd5 60. Ke3 g4 61. Kd3 Rh2 62. Rb8 g3 63. Re8+ Kd6 0-1

[Event "Early-Titled-Tuesday-Blitz-January-16-2024"]
[Site "Chess.com"]
[Date "2024.01.16"]
[Round "8"]
[White "maurovargas01"]
[Black "agvega14"]
[Result "0-1"]
[WhiteElo "1847"]
[BlackElo "2139"]
[TimeControl "180+1"]
[EndTime "9:33:13 PST"]
[Termination "agvega14 won on time"]

1. e4 c5 2. Nc3 Nc6 3. f4 e6 4.
Nf3 a6 5. d3 d5 6. e5 Nge7 7. g3 h5 8. Bg2 Nf5 9. O-O Be7 10. Bd2 b5 11. Qe1 b4 12. Nd1 a5 13.
Ne3 Nfd4 14. Rc1 Ba6 15. Rf2 Nxf3+ 16. Bxf3 Nd4 17. Bg2 g6 18. Qf1 Rc8 19. c3 Nf5 20. c4 Nxe3 21. Bxe3 dxc4 22. dxc4 Qc7 23. b3 Rd8 24.
Rd1 O-O 25. Rfd2 a4 26. Qf2 axb3 27. axb3 Rxd2 28. Rxd2 Bc8 29. Qe2 Rd8 30. g4 Rxd2 31. Bxd2 hxg4 32. Qxg4 Qa5 33. Qf3 Qa1+ 34. Kf2 Qb2 35.
Ke2 Kg7 36. Qc6 Qxb3 37. Qxc8 Qxc4+ 38. Kf2 Qd4+ 39. Be3 Qb2+ 40. Kf3 Qc2 41. Qd7 Bf8 42. Qd2 Qc4 43. Qe2 Qd5+ 44. Kf2 Qd7 45. Qd2 Qa4 46. Qc1 b3 0-1

[Event "Early-Titled-Tuesday-Blitz-January-16-2024"]
[Site "Chess.com"]
[Date "2024.01.16"]
[Round "8"]
[White "HamedWafa4"]
[Black "AlexPapasimakopoulos"]
[Result "0-1"]
[WhiteElo "2829"]
[BlackElo "2660"]
[TimeControl "180+1"]
[EndTime "9:33:14 PST"]
[Termination "AlexPapasimakopoulos won by resignation"]

1. e4 e6 2. d4 d5 3. e5 c5 4. c3 Nc6 5. Nf3 Bd7 6. Be2 f6 7. O-O fxe5 8. Nxe5 Nxe5 9. dxe5 Qc7 10. Bf4 O-O-O 11. Nd2 Nh6 12. b4 Nf7 13. Nb3 c4 14.
Nc5 Bxc5 15. bxc5 Qxc5 16. Be3 Qa5 17. Bd4 b6 18. f4 g6 19. a4 Rdf8 20. Qd2 Nd8 21.
Rfb1 Rf7 22. Be3 Rhf8 23. Bf3 h5 24. Bd1 g5 25. f5 Rxf5 26. Bxh5 Rxe5 27. Bd4 Ref5 28.
Bg4 Rf4 29. h3 Nc6 30. Be3 Re4 31. Rf1 Rxf1+ 32. Rxf1 d4 33. cxd4 Qxd2 34. Bxd2 Nxd4 35. Bxg5 c3 36. Rc1 c2 37. Kf2 Bxa4 38. Be3 Kd7 39. Bh5 Nf5 40. Bg5 b5 41. Bg6 b4 42. Ra1 b3 43. Bc1 Rf4+ 44. Bxf4 b2 45. Rxa4 c1=Q 46. Rxa7+ Kd8 47. Ra8+ Ke7 48. Bxc1 bxc1=Q 49. Bxf5 Qc5+ 50. Kg3 Qe5+ 51. Kf2 Qxf5+ 52. Kg1 Qc5+ 53. Kh2 e5 54. Ra4 Kf6 55. h4 Kf5 56. Kh3 Qc6 57. Rg4 e4 58.
Rg5+ Kf4 59. Rg4+ Ke3 60. h5 Kd2 61. Rg6 Qd7+ 62. Kh4 e3 63. Ra6 Qd8+ 64. Kg3 Qg5+ 0-1

[Event "Early-Titled-Tuesday-Blitz-January-16-2024"]
[Site "Chess.com"]
[Date "2024.01.16"]
[Round "8"]
[White "HPanesso"]
[Black "francyIM"]
[Result "0-1"]
[WhiteElo "2653"]
[BlackElo "2843"]
[TimeControl "180+1"]
[EndTime "9:33:15 PST"]
[Termination "francyIM won on time"]

1. e4 e5 2. Nf3 Nc6 3. Bc4 Bc5 4.
d3 d6 5. O-O h6 6. Nbd2 a5 7.
a4 Ba7 8. c3 g5 9. Bb5 Ne7 10.
Nb3 O-O 11. d4 exd4 12. cxd4 Ng6 13. Kh1 Bb6 14. Ng1 f5 15. f3 Nb4 16. Bc4+ d5 17. exd5 Kg7 18. Ne2 Nxd5 19. Nc3 Be6 20. Bd3 Nb4 21. Ne2 Qd5 22. Ra3 Rad8 23. Be3 f4 24.
Bg1 Nxd3 25. Qxd3 Bf5 26. Qd2 Rfe8 27. Nc3 Qc4 28. Rd1 c6 29. Qc1 Qb4 30. Na1 Bxd4 31. Nc2 Bxc2 32. Qxc2 Bxg1 33. Rxg1 Qc4 34. Rb3 Re7 35.
Ra3 Nh4 36. Raa1 Rde8 37. Qf2 Re3 38. Rad1 Nf5 39. Rd7+ R8e7 40. Rgd1 Qe6 41. Rxe7+ Qxe7 42. Qd2 h5 43. Ne4 g4 44. h3 gxf3 45. gxf3 Rxf3 46.
Rg1+ Kh6 47. Qe2 Rxh3+ 48. Kg2 Re3 0-1